 Dungeon Crawl Stone Soup version 0.30.1-4-g462c640d31 (webtiles) character file.

Game seed: 16677513450931756157

2757 monsoonserge the Cutter (level 9, -2/69 HPs)
             Began as a Demonspawn Monk on Sept 3, 2023.
             Was a Believer of Kikubaaqudgha.
             Slain by a gnoll sergeant
             ... wielding a +0 spear
              (7 damage)
             ... on level 7 of the Dungeon.
             The game lasted 00:23:46 (6547 turns).

monsoonserge the Cutter (Demonspawn Monk)           Turns: 6547, Time: 00:23:48

Health: -2/69      AC:  6    Str: 12    XL:     9   Next: 41%
Magic:  5/9        EV: 11    Int: 20    God:    Kikubaaqudgha [**....]
Gold:   13         SH:  0    Dex: 18    Spells: 4/8 levels left

rFire   . . .        R - +4 long sword
rCold   . . .        d - orb {light}
rNeg    + . .        Q - +1 robe {Will+}
rPois   .            (helmet restricted)
rElec   .            e - +0 cloak
rCorr   .            (no gloves)
SInv    +            b - +0 pair of boots "Wikhlunt" {rN+ Int+3 SInv}
Will    +....        A - amulet of the acrobat
Stlth   +            s - ring of wizardry
HPRegen 0.31/turn    (no ring)
MPRegen 0.11/turn

%: acrobat, wizardry (x1)
@: grasped by roots, mesmerised, very slightly contaminated, glowing,
constricted
A: horns 1, ignite blood 1, big brain 2
a: Renounce Religion, Unearth Wretches


You were on level 7 of the Dungeon.
You worshipped Kikubaaqudgha.
Kikubaaqudgha was pleased with you.
You visited 2 branches of the dungeon, and saw 8 of its levels.

You collected 231 gold pieces.
You spent 218 gold pieces at shops.

Inventory:

Hand Weapons
 v - a +2 short sword of venom
 I - a +0 arbalest
 R - a +4 long sword (weapon)
Missiles
 x - 12 boomerangs (quivered)
 H - a silver boomerang
 K - 8 poisoned darts
Armour
 b - the +0 pair of boots "Wikhlunt" (worn) {rN+ Int+3 SInv}
   (You bought it in a shop on level 2 of the Dungeon)

   Int:       It affects your intelligence (+3).
   rN:        It protects you from negative energy.
   SInv:      It lets you see invisible.
 c - a +3 chain mail of fire resistance
 d - an orb of light (worn)
 e - a +0 cloak (worn)
 g - a +0 leather armour of fire resistance
 Q - a +1 robe of willpower (worn)
Magical Staves
 r - a staff of poison
Jewellery
 s - a ring of wizardry (left hand)
 A - an amulet of the acrobat (around neck)
 J - a ring of see invisible
Wands
 M - a wand of roots (4)
 O - a wand of charming (19)
Scrolls
 i - a scroll of identify
 l - 2 scrolls of torment
 m - a scroll of immolation
 n - a scroll of poison
 u - 4 scrolls of fear
 y - 3 scrolls of vulnerability
 C - 2 scrolls of teleportation
 G - a scroll of butterflies
 L - a scroll of enchant weapon
 N - 2 scrolls of blinking
 P - a scroll of enchant armour
Potions
 a - 2 potions of lignification {unknown}
 f - a potion of heal wounds
 h - a potion of invisibility
 j - 2 potions of haste
 t - 4 potions of cancellation {unknown}
 w - a potion of resistance {unknown}
 z - 3 potions of brilliance {unknown}
 B - 3 potions of attraction {unknown}
 D - 2 potions of curing {unknown}
 E - a potion of degeneration {unknown}


   Skills:
 + Level 5.9 Fighting
 + Level 7.2(7.5) Short Blades
 - Level 3.3(5.7) Long Blades
 + Level 0.3 Throwing
 + Level 6.6 Armour
 + Level 4.2 Dodging
 + Level 1.9 Stealth
 * Level 0.2 Spellcasting
 * Level 0.2 Necromancy


You had 4 spell levels left.
You knew the following spells:

 Your Spells              Type           Power      Damage    Failure   Level
a - Necrotise             Necr           4%         1d4       7%          1
b - Vampiric Draining     Necr           1%         2d6       21%         3

Your spell library contained the following spells:

 Spells                   Type           Power      Damage    Failure   Level
 Sublimation of Blood     Necr           1%         N/A       11%         2
 Cigotuvi's Dreadful Rot  Necr/Pois/Air  0%         N/A       12%         2
 Static Discharge         Conj/Air       0%         2-2/arc   12%         2
 Ozocubu's Armour         Ice            0%         N/A       22%         3
 Airstrike                Air            0%         2d(0-16)  56%         4
 Summon Lightning Spire   Summ/Air       0%         N/A       56%         4
 Metabolic Englaciation   Hex/Ice        0%         N/A       88%         5
 Simulacrum               Ice/Necr       0%         N/A       100%        6


Dungeon Overview and Level Annotations

Branches:
Dungeon (7/15)             Temple (1/1) D:5

Altars:
Ashenzari
Cheibriados
Dithmenos
Fedhas
Gozag
Hepliaklqana
Kikubaaqudgha
Makhleb
Nemelex Xobeh
Okawaru
Qazlal
Ru
Sif Muna
Trog
Uskayaw
Vehumet
Wu Jian
Xom
Yredelemnul

Shops:
D:2 [   D:6 (

Annotations:
D:6 2 transporters, turdburglar's ghost, amateur GnFi
D:7 Maggie


Innate Abilities, Weirdness & Mutations

You have a pair of small horns on your head.
Your demonic aura sometimes causes spilled blood to erupt in flames.
You have an extremely huge brain. (Int +4)


Message History

You are mesmerised by Maggie!
You barely miss Maggie.
Maggie is severely wounded.
Maggie closely misses you.
The gnoll sergeant hits you from afar with a +0 spear.
* * * LOW HITPOINT WARNING * * *
Unknown command.
You feel much better.
The gnoll sergeant hits you but does no damage.
Casting: Necrotise (safe; 7% risk of failure)
Confirm with . or Enter, or press ? or * to list all spells.
Aiming: Necrotise (safe; 7% risk of failure)
Press: ? - help, Shift-Dir - straight line, f/p - Maggie
Aim: Maggie, wielding a +2 heavy war axe, wearing +0 acid dragon scales and carrying a wand of roots (3) (severely wounded, mesmerising, haloed, chance to affect: 36%)
You miscast Necrotise.
You are very lightly contaminated with residual magic.
Nothing appears to happen.
Maggie zaps a wand.
The roots erupt in riotous growth!
The grasping roots grab you!
Maggie is unaffected.
The grasping roots constrict you.
The gnoll sergeant hits you from afar with a +0 spear!
You hear an angry growl.
You hit Maggie. Your headbutt misses Maggie.
Maggie is almost dead.
Maggie gestures at you while chanting. The bolt of fire hits you!
* * * LOW HITPOINT WARNING * * *
The grasping roots constrict you.
* * * LOW HITPOINT WARNING * * *
The gnoll sergeant hits you from afar with a +0 spear.
* * * LOW HITPOINT WARNING * * *
You feel much better. Maggie gestures at you while chanting.
The bolt of fire hits you!
* * * LOW HITPOINT WARNING * * *
The grasping roots constrict you.
* * * LOW HITPOINT WARNING * * *
The gnoll sergeant hits you from afar with a +0 spear!
You die...
Kikubaaqudgha rasps: "You have failed me!
Welcome... death!"

#.......#
##......##
..#
##...#..#
..# .
##.###.# ..#
.. #.# #.#
@.# .. #.#
#.# ..#.♣
#.# #.#
...♣.♣ #.#
#.# ###....♣
#.#
#.###@@g..♣
#.#
#..#..##.#.♣
#.####...##
#
#.#......##
#.#.####..#
#.#<# ##.#
#...# #.#
#..## #.##.#
#.## #.##.#


You could see Maggie (mesmerising) and a gnoll sergeant.

Vanquished Creatures
  Joseph (D:7)
  Grinder (D:3)
  An orc warrior (D:6)
  An ice beast (D:6)
  3 black bears
  3 ogres
  A centaur (D:5)
  A kobold brigand (D:7)
  3 bullfrogs
  A scorpion (D:5)
  3 wights (D:7)
  A howler monkey (D:4)
  4 hounds
  2 orc priests
  8 iguanas
  A jelly (D:3)
  Terence (D:3)
  6 orc wizards
  A sleepcap (D:6)
  Natasha (D:3)
  Robin (D:2)
  7 gnolls
  7 adders
  A shadow imp (D:6)
  2 white imps (D:5)
  A worm (D:2)
  4 dart slugs
  21 orcs
  5 endoplasms
  4 giant cockroaches
  13 goblins
  6 hobgoblins
  8 jackals
  9 kobolds
  4 quokkas
  4 ball pythons
  2 bats
  2 frilled lizards
  3 rats
  A butterfly (D:5)
149 creatures vanquished.

Notes
Turn   | Place    | Note
-------+----------+-------------------------------------------
     0 | D:1      | monsoonserge the Demonspawn Monk began the quest for the
                  | Orb.
     0 | D:1      | Reached XP level 1. HP: 18/18 MP: 1/1
   283 | D:1      | Gained mutation: Your demonic aura sometimes causes spilled
                  | blood to erupt in flames. [demonic ancestry]
   283 | D:1      | Reached XP level 2. HP: 22/24 MP: 2/2
   957 | D:2      | Found a faded altar of an unknown god.
   961 | D:2      | Found Pubemah's Antique Armour Shop.
  1070 | D:2      | Gained mutation: You have an unusually large brain. (Int
                  | +2) [demonic ancestry]
  1070 | D:2      | Reached XP level 3. HP: 29/29 MP: 3/3
  1730 | D:3      | Noticed Robin
  1799 | D:2      | Killed Robin
  1800 | D:2      | Gained mutation: You have an extremely huge brain. (Int +4)
                  | [demonic ancestry]
  1800 | D:2      | Reached XP level 4. HP: 37/37 MP: 4/4
  1842 | D:3      | Reached skill level 1 in Armour
  1977 | D:3      | Noticed Terence
  1997 | D:3      | Noticed Grinder
  2003 | D:3      | Killed Terence
  2004 | D:3      | Reached skill level 1 in Short Blades
  2004 | D:3      | Reached skill level 1 in Stealth
  2018 | D:3      | Killed Grinder
  2019 | D:3      | Reached skill level 2 in Short Blades
  2019 | D:3      | Reached XP level 5. HP: 31/42 MP: 5/5
  2019 | D:3      | Reached XP level 6. HP: 35/48 MP: 6/6
  2134 | D:3      | Found a basalt altar of Yredelemnul.
  2503 | D:4      | Reached skill level 3 in Short Blades
  2698 | D:4      | Noticed Natasha
  2747 | D:3      | Killed Natasha
  2781 | D:4      | Gained mutation: You have a pair of small horns on your
                  | head. [demonic ancestry]
  2781 | D:4      | Reached XP level 7. HP: 34/55 MP: 7/7
  3110 | D:5      | Entered Level 5 of the Dungeon
  3149 | D:5      | Reached skill level 4 in Short Blades
  3580 | D:5      | Found a staircase to the Ecumenical Temple.
  3593 | D:5      | Reached XP level 8. HP: 47/61 MP: 8/8
  3597 | Temple   | Entered the Ecumenical Temple
  3970 | D:5      | Reached skill level 5 in Short Blades
  4506 | D:6      | Reached skill level 5 in Armour
  4681 | D:6      | Found Xitegice's Weapon Emporium.
  4793 | D:6      | Reached skill level 5 in Fighting
  4800 | D:6      | Found a transporter.
  4804 | D:6      | Found a transporter.
  4987 | D:6      | Reached skill level 6 in Short Blades
  5318 | D:7      | Noticed Joseph
  5342 | D:7      | Killed Joseph
  5343 | D:7      | Reached XP level 9. HP: 38/69 MP: 9/9
  5560 | D:6      | Found a bloodstained altar of Trog.
  5560 | D:6      | Found a snail-covered altar of Cheibriados.
  5565 | D:6      | Found an ornate altar of the Wu Jian Council.
  5570 | D:6      | Found an iron altar of Okawaru.
  5903 | D:7      | Reached skill level 7 in Short Blades
  6148 | D:2      | Bought a pair of warped boots for 218 gold pieces
  6148 | D:2      | Identified the +0 pair of boots "Wikhlunt" {rN+ Int+3 SInv}
                  | (You bought it in a shop on level 2 of the Dungeon)
  6283 | D:6      | Noticed turdburglar's ghost (amateur GnFi)
  6432 | D:7      | Found an ancient bone altar of Kikubaaqudgha.
  6438 | D:7      | Became a worshipper of Kikubaaqudgha
  6438 | D:7      | Reached * piety under Kikubaaqudgha
  6438 | D:7      | Received a gift from Kikubaaqudgha
  6438 | D:7      | Reached ** piety under Kikubaaqudgha
  6464 | D:7      | Learned a level 1 spell: Necrotise
  6468 | D:7      | Learned a level 3 spell: Vampiric Draining
  6521 | D:7      | Noticed Maggie
  6547 | D:7      | Slain by a gnoll sergeant

Illustrated notes

Levels and vault maps discovered:
D:1:      minmay_arrival_stair_chambers, layout_loops_cross
D:2:      layout_basic, chequers_ecumenical_altar_simple_redux, serial_shops,
          nicolae_shop_advertising_works [nicolae_subvault_shop_adworks]
D:3:      layout_rooms, lemuel_round_altar, uniq_grinder, uniq_robin,
          uniq_terence
D:4:      layout_basic, uniq_natasha
D:5:      layout_basic, zin_scriptorium, minmay_temple_entry_butterflies
D:6:      layout_rooms, chequers_temple_overflow_minitemple,
          gammafunk_ghost_hive, serial_shops, nicolae_shop_peninsula
D:7:      nzn_winding_woodlands_medium [nzn_winding_woodlands_5x5_closed_star,
          nzn_winding_woodlands_5x15_pockets, nzn_winding_woodlands_5x5_three,
          nzn_winding_woodlands_5x5_checkerboard,
          nzn_winding_woodlands_center_pierced_h,
          nzn_winding_woodlands_hourglass, nzn_winding_woodlands_5x5_open_star,
          nzn_winding_woodlands_5x15_parted, nzn_winding_woodlands_5x5_default],
          layout_rooms, kiku_gazebo_garden_becter, uniq_joseph, uniq_maggie
Temple:   eino_temple_lava

Skill      XL: |  1  2  3  4  5  6  7  8  9 |
---------------+----------------------------+-----
Long Blades    | 3 |  3.3
Armour         | 2 3 4 6 |  6.6
Dodging        | 3 4 |  4.2
Short Blades   | 2 3 4 6 7 |  7.2
Stealth        | 1 |  1.9
Fighting       | 4 5 |  5.9
Throwing       | |  0.3
Spellcasting   | |  0.2
Necromancy     | |  0.2

Action                     |  1- 3 |  4- 6 |  7- 9 || total
---------------------------+-------+-------+-------++-------
  Melee: Long sword        |    35 |       |    36 ||    71
         Falchion          |     1 |       |       ||     1
         Short sword       |    46 |   124 |   241 ||   411
         Headbutt          |       |       |    93 ||    93
  Throw: Boomerang         |       |       |     6 ||     6
   Cast: Necrotise         |       |       |     5 ||     5
    Use: Potion            |       |     1 |     3 ||     4
         Scroll            |       |       |    12 ||    12
 Armour: Robe              |    10 |       |     2 ||    12
         Scale mail        |    33 |    56 |    80 ||   169
  Dodge: Dodged            |    38 |    83 |   160 ||   281
